 Seeded DCSS version 0.30-a0-358-g0d69a1922f (webtiles) character file.

Game seed: 2231567656055988436 (custom seed)

1010 retardedninja the Covered (level 8, -4/71 HPs)
             Began as a Minotaur Fighter on Nov 7, 2022.
             Was an Initiate of Gozag.
             Slain by Prince Ribbit (14 damage)
             ... on level 7 of the Dungeon on Nov 9, 2022.
             The game lasted 00:05:35 (5258 turns).

retardedninja the Covered (Minotaur Fighter)        Turns: 5258, Time: 00:05:35

Health: -4/71      AC: 14    Str: 24    XL:     8   Next: 1%
Magic:  7/7        EV:  6    Int:  5    God:    Gozag
Gold:   285        SH:  5    Dex:  9    Spells: 7/7 levels left

rFire   . . .      SeeInvis .    a - +0 war axe
rCold   . . .      Faith    .    c - +0 buckler
rNeg    . . .      Spirit   .    s - +0 plate armour
rPois   .          Reflect  .    (helmet restricted)
rElec   .          Harm     .    B - +0 cloak {rCorr}
rCorr   +          Rampage  .    (no gloves)
Will    +....                    (no boots)
Stlth   ..........               (no amulet)
HPRegen 0.31/turn                v - ring of willpower
MPRegen 0.10/turn                (no ring)

@: gold aura
A: horns 2, retaliatory headbutt
a: Renounce Religion, Potion Petition, Call Merchant, Bribe Branch


You were on level 7 of the Dungeon.
You worshipped Gozag.
Gozag was aware of your devotion.
You visited 1 branch of the dungeon, and saw 7 of its levels.

You collected 390 gold pieces.
You paid 105 gold pieces to Gozag.

Inventory:

Hand Weapons
 a - a +0 war axe (weapon)
Armour
 c - a +0 buckler (worn)
 s - a +0 plate armour (worn)
 B - a +0 cloak of preservation (worn)
Jewellery
 k - a ring of positive energy
 v - a ring of willpower (left hand)
 F - a +6 ring of dexterity
Wands
 C - a wand of flame (18)
Scrolls
 e - 3 scrolls of enchant armour {unknown}
 g - 10 scrolls of identify {unknown}
 i - 3 scrolls of fear {unknown}
 m - 2 scrolls of noise {unknown}
 n - a scroll of vulnerability {unknown}
 o - 2 scrolls of magic mapping {unknown}
 p - a scroll of brand weapon {unknown}
 q - a scroll of butterflies {unknown}
 r - a scroll of torment {unknown}
 t - 3 scrolls of immolation {unknown}
 w - 2 scrolls of poison {unknown}
 x - 2 scrolls of summoning {unknown}
 y - a scroll of blinking {unknown}
 z - a scroll of teleportation {unknown}
Potions
 b - 2 potions of magic {unknown}
 d - a potion of cancellation {unknown}
 f - 3 potions of curing {unknown}
 h - 2 potions of flight {unknown}
 j - 2 potions of brilliance {unknown}
 l - 3 potions of mutation {unknown}
 u - 2 potions of lignification {unknown}
 A - 2 potions of heal wounds {unknown}
 D - a potion of berserk rage {unknown}
 E - a potion of degeneration {unknown}


   Skills:
 + Level 6.6 Fighting
 + Level 6.0 Axes
 + Level 6.6 Armour
 + Level 6.6 Shields


You had 7 spell levels left.
You didn't know any spells.
Your spell library contained the following spells:

 Spells                   Type           Power      Damage    Failure   Level
 Apportation              Tloc           0%         N/A       100%        1
 Beastly Appendage        Tmut           0%         N/A       100%        1
 Necrotise                Necr           0%         1d4       100%        1
 Summon Small Mammal      Summ           0%         N/A       100%        1
 Wereblood                Tmut           0%         N/A       100%        2
 Spider Form              Tmut/Pois      0%         N/A       100%        3


Dungeon Overview and Level Annotations

Branches:
Dungeon (7/15)             Temple (0/1) D:5

Altars:
Ashenzari
Cheibriados
Gozag
Uskayaw
Yredelemnul

Shops:
D:4 (

Annotations:
D:7 Prince Ribbit


Innate Abilities, Weirdness & Mutations

You have a pair of horns on your head.
You reflexively headbutt those who attack you in melee.


Message History

The bullfrog is almost dead.
You hit Prince Ribbit. You block the bullfrog's attack.
Prince Ribbit hits you but does no damage.
You block the bullfrog's attack. Prince Ribbit closely misses you.
You furiously retaliate!
You headbutt Prince Ribbit!
Okay, then.
You closely miss Prince Ribbit. Your headbutt misses Prince Ribbit.
Prince Ribbit is heavily wounded.
You miss the bullfrog. You block the bullfrog's attack. Prince Ribbit hits you!
The bullfrog hits you but does no damage.
You barely miss Prince Ribbit.
Prince Ribbit is heavily wounded.
You hit the bullfrog.
You kill the bullfrog!
Prince Ribbit hits you but does no damage.
The bullfrog hits you but does no damage.
Prince Ribbit is distracted by your dazzling golden aura.
Your Axes skill increases to level 6!
You have reached level 8!
You feel stronger.
You barely miss Prince Ribbit.
Prince Ribbit is no longer distracted by gold.
Prince Ribbit is heavily wounded.
You barely miss the bullfrog.
The bullfrog hits you but does no damage.
You block Prince Ribbit's attack. The bullfrog hits you!
You block Prince Ribbit's attack.
You barely miss Prince Ribbit.
Prince Ribbit is heavily wounded.
You hit the bullfrog. The bullfrog hits you.
* * * LOW HITPOINT WARNING * * *
Prince Ribbit hits you!
* * * LOW HITPOINT WARNING * * *
The bullfrog barely misses you.
Unknown command.
You closely miss Prince Ribbit.
Prince Ribbit is heavily wounded.
You barely miss the bullfrog. Prince Ribbit hits you!
You die...
Your body crumbles into a pile of gold.

#.# #<# #.#
#.# #.#
#####.#####
###.........##
.............#
###....@.....#
#...$FF....#
#..........#
#..........#
#..........#
#..........#
..........##
.....#.#.#.#


You could see Prince Ribbit and a bullfrog.

Vanquished Creatures
  An ice beast (D:6)
  A black bear (D:6)
  2 ogres
  2 bullfrogs
  A scorpion (D:5)
  A jelly (D:6)
  3 hounds
  An iguana (D:4)
  4 orc wizards
  6 gnolls (D:5)
  6 adders
  An ufetubus (D:5)
  3 worms
  5 dart slugs
  9 orcs
  10 endoplasms
  2 giant cockroaches (D:1)
  5 goblins
  12 hobgoblins
  6 quokkas
  3 ball pythons
  3 bats
  13 frilled lizards
  9 kobolds
  2 rats (D:1)
111 creatures vanquished.

Vanquished Creatures (others)
  6 plants
6 creatures vanquished.

Grand Total: 117 creatures vanquished

Notes
Turn   | Place    | Note
-------+----------+-------------------------------------------
     0 | D:1      | retardedninja the Minotaur Fighter began the quest for the
                  | Orb.
     0 | D:1      | Reached XP level 1. HP: 19/19 MP: 0/0
   106 | D:1      | Reached XP level 2. HP: 20/27 MP: 1/1
   207 | D:1      | Found a faded altar of an unknown god.
   253 | D:1      | Upgraded the game from 0.30-a0-354-g6b83867211 to
                  | 0.30-a0-358-g0d69a1922f
   420 | D:1      | Reached XP level 3. HP: 33/33 MP: 2/2
   941 | D:2      | Reached XP level 4. HP: 27/41 MP: 3/3
  1910 | D:3      | Found a broken altar of Ashenzari.
  2600 | D:4      | Noticed an ogre
  2611 | D:4      | Killed an ogre
  2612 | D:4      | Reached skill level 5 in Shields
  2612 | D:4      | Reached XP level 5. HP: 5/47 MP: 4/4
  3077 | D:4      | Found Fynamiuh's Weapon Shop.
  3360 | D:4      | Reached skill level 5 in Fighting
  3360 | D:4      | Reached skill level 5 in Armour
  3408 | D:4      | Reached XP level 6. HP: 53/56 MP: 5/5
  3860 | D:5      | Entered Level 5 of the Dungeon
  3963 | D:5      | Found a basalt altar of Yredelemnul.
  4321 | D:5      | Reached skill level 5 in Axes
  4321 | D:5      | Reached XP level 7. HP: 45/62 MP: 6/6
  4402 | D:5      | Noticed a +0 falchion
  4402 | D:5      | Noticed a +0 dagger
  4402 | D:5      | Noticed a +0 short sword
  4403 | D:5      | Noticed a +0 dagger
  4448 | D:5      | Found a hide-covered altar of Uskayaw.
  4448 | D:5      | Noticed a +0 spear
  4448 | D:5      | Noticed a +0 short sword
  4451 | D:5      | Noticed a +0 falchion
  4451 | D:5      | Noticed a +0 spear
  4559 | D:5      | Found a staircase to the Ecumenical Temple.
  4714 | D:6      | Found an opulent altar of Gozag.
  4767 | D:6      | Became a worshipper of Gozag Ym Sagoz the Greedy
  5031 | D:6      | Found a snail-covered altar of Cheibriados.
  5248 | D:7      | Noticed Prince Ribbit
  5256 | D:7      | Reached XP level 8. HP: 31/71 MP: 7/7
  5258 | D:7      | Slain by Prince Ribbit

Illustrated notes

Levels and vault maps discovered:
D:1:      amcnicky_arrival_choice, layout_basic,
          shapermc_ecumenical_altar_ellora, minmay_misc_feat_ornament
D:2:      layout_basic, minmay_lizard_king
D:3:      layout_loops_ring, mainiacjoe_overflow_cross_hatched
D:4:      layout_basic, serial_shops, nicolae_shop_trees, serial_bayou_pond_a
D:5:      layout_loops_ring, nicolae_uskayaw_en_pointe,
          yredelemnul_altar_generic, minmay_temple_entry_fiery
D:6:      layout_rooms, chei_slow_surprise,
          nicolae_gozag_cash_rules_everything_around_me
D:7:      layout_loops_ring, tgw_xom, kennysheep_generic_room_10,
          uniq_prince_ribbit1

Skill      XL: |  1  2  3  4  5  6  7 |
---------------+----------------------+-----
Fighting       | 4 5 6 |  6.6
Shields        | 4 5 6 |  6.6
Armour         | 4 5 6 |  6.6
Axes           | 3 4 5 6 |  6.0

Action                   |  1- 3 |  4- 6 |  7- 9 || total
-------------------------+-------+-------+-------++-------
Melee: War axe           |    79 |   123 |    38 ||   240
       Headbutt          |     9 |    19 |     6 ||    34
  Use: Potion            |       |     1 |       ||     1
Armor: Scale mail        |    41 |    11 |       ||    52
       Plate armour      |       |    53 |    30 ||    83
Dodge: Dodged            |    40 |    43 |    17 ||   100
Block: Buckler           |    17 |    23 |    11 ||    51

Table legend: (Time is in decaauts)
 A = Elapsed time spent in this place.
 B = Non-inter-level travel time spent in this place.
 C = Inter-level travel time spent in this place.
 D = Time resting spent in this place.
 E = Time spent auto-exploring this place.
 F = Levels seen in this place.
 G = Mean time per level.
                   A        B        C        D        E       F      G
               +--------+--------+--------+--------+--------+-----+--------+
         Total |   5341 |   5241 |    100 |    650 |   3851 |   7 |  763.0 |
       Dungeon |   5341 |   5241 |    100 |    650 |   3851 |   7 |  763.0 |
               +--------+--------+--------+--------+--------+-----+--------+

Top non-repeatable levels by time:
     D:2: 1225 daAuts
     D:3: 1066 daAuts
     D:4: 927 daAuts
     D:5: 825 daAuts
     D:1: 709 daAuts
     D:6: 571 daAuts
     D:7: 16 daAuts
